 Dungeon Crawl Stone Soup version 0.16-a0-3544-gf6bfca6 (webtiles) character file.

2948 Gronka the Ducker (level 9, -8/88 HPs)
             Began as a Troll Monk on Jan 9, 2015.
             Was a Believer of Fedhas.
             Mangled by a sixfirhy (12 damage)
             ... summoned by a kobold demonologist
             ... on level 9 of the Dungeon.
             The game lasted 00:23:11 (6312 turns).

Gronka the Ducker (Troll Monk)                      Turns: 6312, Time: 00:23:11

Health: -8/88      AC:  7    Str: 27    XL:     9   Next: 51%
Magic:  4/4        EV: 14    Int: 11    God:    Fedhas [**....]
Gold:   287        SH:  0    Dex: 14    Spells: 0 memorised, 8 levels left

rFire  . . .     SeeInvis .       - Unarmed
rCold  . . .     Clarity  .     a - +2 robe
rNeg   + . .     SustAb   .     (shield restricted)
rPois  +         Gourm    +     (helmet restricted)
rElec  .         Spirit   .     (no cloak)
rCorr  .         Warding  +     (gloves unavailable)
rMut   .         Stasis   .     (boots unavailable)
MR     .....                    g - amulet of warding
Stlth  ++........               f - ring of poison resistance
                                (no ring)

@: mighty, brilliant, lethally poisoned, flying, not resistant to hostile
enchantments, unstealthy
A: unfitting armour, claws 3, fangs 1, fast metabolism 3, gourmand, regeneration
2, shaggy fur 1, tough skin 2
a: Evolution, Sunlight, Renounce Religion


You were on level 9 of the Dungeon.
You worshipped Fedhas.
Fedhas was pleased with you.
You were not hungry.

You visited 2 branches of the dungeon, and saw 10 of its levels.

You collected 287 gold pieces.

Inventory:

Hand weapons
 b - a +0 giant spiked club
 e - a +0 giant club
Armour
 a - a +2 robe (worn)
 A - a +0 robe
Jewellery
 f - a ring of poison resistance (right claw)
 g - an amulet of warding (around neck)
Magical devices
 t - a wand of draining (8)
 w - a wand of magic darts (21)
 x - a wand of digging (16)
Scrolls
 c - a scroll of enchant weapon {unknown}
 d - 2 scrolls of remove curse
 h - 6 scrolls of identify
 p - 4 scrolls of teleportation
 q - a scroll of fog
 r - 2 scrolls of magic mapping
 v - 2 scrolls of recharging
Potions
 j - a potion of lignification
 m - a potion of agility
 u - a potion of might
 C - a potion of brilliance
Books
 y - a book of Maledictions

   Spells                             Type                      Level
   a - Corona                         Hexes                        1
   b - Sure Blade                     Hexes/Charms                 2
   c - Ensorcelled Hibernation        Hexes/Ice                    2
   d - Confuse                        Hexes                        3
   e - Dazzling Spray                 Conjuration/Hexes            3
   f - Enslavement                    Hexes                        4
 B - a book of Air

   Spells                             Type                      Level
   a - Shock                          Conjuration/Air              1
   b - Swiftness                      Charms/Air                   2
   c - Repel Missiles                 Charms/Air                   2
   d - Flight                         Charms/Air                   3
   e - Static Discharge               Conjuration/Air              3
   f - Lightning Bolt                 Conjuration/Air              5
Comestibles
 l - 3 bread rations
 n - 7 beef jerkies
 o - 11 fruits
 z - a slice of pizza


   Skills:
 * Level 5.4 Fighting
 - Level 3.4 Maces & Flails
 * Level 7.8 Dodging
 - Level 1.5 Stealth
 * Level 7.7 Unarmed Combat


You had 8 spell levels left.
You didn't know any spells.

Dungeon Overview and Level Annotations

Branches:
Dungeon (9/15)             Temple (1/1) D:7
   Lair: D:8-11         Orc: D:9-12

Altars:
Ashenzari
Cheibriados
Dithmenos
Elyvilon
Fedhas
Gozag
Kikubaaqudgha
Makhleb
Nemelex Xobeh
Okawaru
Qazlal
Ru
Sif Muna
Trog
Vehumet
Xom
Yredelemnul
Zin
The Shining One

Shops:
D:5 (   D:7 :


Innate Abilities, Weirdness & Mutations

You are too large for most types of armour.
You have claws for hands.
Your metabolism is lightning-fast.
You like to eat raw meat.
You heal very quickly.
You are covered in fur (AC +1).
You have very tough skin (AC +2).
You have very sharp teeth.


Message History

It was a potion of flight.
You feel very buoyant.
You fly up into the air.
The hound skeleton barely misses you.
You feel sick. The hound skeleton misses you.
You feel sick.
There is a stone staircase leading down here.
You feel sick. The hound skeleton barely misses you.
The hound skeleton bites you but does no damage.
You fly downwards.
A kobold demonologist comes into view. It is wielding a dagger.
Found 13 poisoned needles.
Found a stone staircase leading down.
There is a stone staircase leading up here.
You feel sick.
The kobold demonologist gestures wildly while chanting.
You feel sick.
The sixfirhy tries to attack you, but flinches away.
The sixfirhy hits you!
You die...
Fedhas appreciates your contribution to the ecosystem.

..........+
..........#
..........#
#..........#
#..K..#
#.(...+
#.....#
+..4..#
#..@..#
#.....#
#.....#
+.....#
#.....+
#.....#
..##+## ...


You could see a kobold demonologist and a sixfirhy.

Vanquished Creatures
  The ghost of ConnectionFaild the Unseen, an experienced OpAs of Dithmenos (D:5)
  A deep elf mage (D:7)
  Edmund (D:4)
  The ghost of ConnectionFaild the Sneak, an average SpAK of Lugonu (D:3)
  A sky beast (D:7)
  3 ogres
  2 centaurs (D:5)
  A crocodile (D:7)
  Duvessa (D:8)
  A giant frog (D:6)
  A jelly (D:5)
  A scorpion (D:5)
  9 killer bees
  3 wights (D:6)
  Dowan (D:8)
  3 orc priests (D:4)
  A crimson imp (D:5)
  A giant frog zombie (D:6)
  2 hounds
  3 iguanas
  14 orc wizards
  4 worker ants
  A hound zombie (D:5)
  10 adders
  A river rat (D:5)
  A gnoll (D:1)
  A shadow imp (D:6)
  A giant mite (D:3)
  4 worms
  A giant gecko (D:1)
  An ooze (D:6)
  27 orcs
  5 bats
  2 bat skeletons
  8 hobgoblins
  6 jackals
  7 kobolds
  A quokka (D:6)
  3 ball pythons
  2 giant cockroaches
  9 giant newts
  10 goblins
  13 rats
170 creatures vanquished.

Vanquished Creatures (others)
  15 toadstools (D:7)
15 creatures vanquished.

Grand Total: 185 creatures vanquished

Notes
Turn   | Place    | Note
--------------------------------------------------------------
     0 | D:1      | Gronka, the Troll Monk, began the quest for the Orb.
     0 | D:1      | Reached XP level 1. HP: 22/22 MP: 1/1
   108 | D:1      | Reached XP level 2. HP: 27/29 MP: 1/1
   534 | D:2      | Reached XP level 3. HP: 31/36 MP: 2/2
   714 | D:2      | Found a bloodstained altar of Trog.
  1260 | D:2      | Reached XP level 4. HP: 42/44 MP: 2/2
  1401 | D:3      | Noticed ConnectionFaild's ghost (average SpAK)
  1408 | D:3      | Killed ConnectionFaild's ghost
  1408 | D:3      | Reached skill level 5 in Unarmed Combat
  1408 | D:3      | Reached XP level 5. HP: 39/52 MP: 2/2
  1563 | D:3      | Noticed an ogre
  1570 | D:3      | Killed an ogre
  1624 | D:3      | Reached XP level 6. HP: 39/61 MP: 3/3
  2390 | D:4      | Reached skill level 1 in Maces & Flails
  2521 | D:4      | Noticed Edmund
  2541 | D:4      | Killed Edmund
  2541 | D:4      | Reached XP level 7. HP: 38/67 MP: 3/3
  2569 | D:4      | Found an opulent altar of Gozag.
  2569 | D:4      | Found a glowing silver altar of Zin.
  2570 | D:4      | Found a stormy altar of Qazlal.
  2731 | D:4      | Found a deep blue altar of Sif Muna.
  2764 | D:4      | Reached skill level 5 in Dodging
  3146 | D:4      | Reached XP level 8. HP: 32/78 MP: 3/3
  3330 | D:5      | Entered Level 5 of the Dungeon
  3384 | D:5      | Found Blass' Weapon Boutique.
  3454 | D:5      | Found a glowing drain.
  3528 | D:5      | Reached skill level 6 in Unarmed Combat
  3542 | D:5      | Found a sparkling altar of Nemelex Xobeh.
  3662 | D:5      | Noticed ConnectionFaild's ghost (experienced OpAs)
  3688 | D:5      | Killed ConnectionFaild's ghost
  4629 | D:6      | Found a shattered altar of Ashenzari.
  4944 | D:6      | Found an iron altar of Okawaru.
  5093 | D:6      | Reached skill level 7 in Dodging
  5093 | D:6      | Reached XP level 9. HP: 87/87 MP: 4/4
  5275 | D:7      | Found a staircase to the Ecumenical Temple.
  5285 | Temple   | Entered the Ecumenical Temple
  5466 | Temple   | Became a worshipper of Fedhas Madash
  5466 | Temple   | Acquired Fedhas' first power
  5466 | Temple   | Acquired Fedhas' second power
  5578 | D:7      | Reached skill level 5 in Fighting
  5885 | D:7      | Found Psec Alu's Book Shoppe.
  6193 | D:8      | Noticed Dowan
  6194 | D:8      | Noticed Duvessa
  6201 | D:8      | Killed Duvessa
  6220 | D:8      | Killed Dowan
  6283 | D:8      | Gained mutation: You have very sharp teeth. [potion of beneficial mutation]
  6297 | D:8      | HP: 2/88 [killer bee (5)]
  6302 | D:8      | HP: 2/88 [poisoned by a killer bee]
  6307 | D:9      | Noticed a kobold demonologist
  6309 | D:9      | HP: 3/88 [poisoned by a killer bee]
  6311 | D:9      | Noticed a sixfirhy
  6312 | D:9      | Mangled by a sixfirhy

Action                   |  1- 3 |  4- 6 |  7- 9 || total
-------------------------+-------+-------+-------++-------
Melee: Unarmed           |   102 |    89 |   392 ||   583
       Giant spiked club |       |    73 |       ||    73
Evoke: Wand              |       |       |     2 ||     2
  Use: Scroll            |     6 |     1 |     4 ||    11
       Potion            |       |     1 |     5 ||     6
 Stab: Sleeping          |       |       |     2 ||     2
  Eat: Chunk             |     5 |    11 |    14 ||    30
       Meat ration       |     1 |     1 |       ||     2
       Bread ration      |       |       |     4 ||     4
